 Dungeon Crawl Stone Soup version 0.30-a0-313-gae38170b09 (webtiles) character file.

Game seed: 8425533005919085554

56 Bnni the Shield-Bearer (level 3, -1/20 HPs)
             Began as a Vine Stalker Fighter on Oct 26, 2022.
             Splashed by a jelly's acid (6 damage)
             ... on level 3 of the Dungeon.
             The game lasted 00:02:01 (1825 turns).

Bnni the Shield-Bearer (Vine Stalker Fighter)       Turns: 1825, Time: 00:02:02

Health: -1/20      AC:  4    Str: 18    XL:     3   Next: 95%
Magic:  0/4        EV:  6    Int:  8    God:
Gold:   143        SH:  5    Dex: 15    Spells: 2/2 levels left

rFire   . . .      SeeInvis .    a - +0 rapier
rCold   . . .      Faith    .    c - +0 buckler
rNeg    . . .      Spirit   +    g - +0 chain mail
rPois   .          Reflect  .    (no helmet)
rElec   .          Harm     .    (no cloak)
rCorr   .          Rampage  .    (no gloves)
Will    .....                    (no boots)
Stlth   ..........               (no amulet)
HPRegen 0.23/turn                (no ring)
MPRegen 0.09/turn                (no ring)

@: corroded
A: fangs 2, magic shield, antimagic bite, no potion heal 2
a: no special abilities


You were on level 3 of the Dungeon.
You visited 1 branch of the dungeon, and saw 4 of its levels.

You collected 143 gold pieces.

Inventory:

Hand Weapons
 a - a +0 rapier (weapon)
Armour
 c - a +0 buckler (worn)
 g - a +0 chain mail (worn)
 q - a +0 plate armour
Jewellery
 f - a ring of ice
Scrolls
 e - a scroll of enchant armour {unknown}
 h - 3 scrolls of butterflies {unknown}
 l - a scroll of identify {unknown}
 m - a scroll of magic mapping {unknown}
 n - a scroll of torment {unknown}
 o - a scroll of poison {unknown}
 p - a scroll of blinking {unknown}
Potions
 b - 2 potions of degeneration {unknown}
 d - 2 potions of might
 i - a potion of cancellation {unknown}
 j - 2 potions of heal wounds {unknown}
 k - 2 potions of curing {unknown}


   Skills:
 + Level 3.0 Fighting
 * Level 2.7 Short Blades
 - Level 2.4 Armour
 * Level 3.4 Shields


You had 2 spell levels left.
You didn't know any spells.
Your spell library was empty.

Dungeon Overview and Level Annotations

Branches:
Dungeon (4/15)
 Temple: D:4-7

Altars:
Makhleb

Annotations:
D:3 2 transporters, Babtu's ghost, amateur MiFi


Innate Abilities, Weirdness & Mutations

You have extremely sharp teeth.
When hurt, damage is shared between your health and your magic reserves.
Your bite disrupts and absorbs the magic of your enemies.
Potions cannot restore your health.


Message History

You miss the bat. You bite the bat.
You kill the bat!
No target in view!
You see here a bat corpse.
You hear the rusting of a drain nearby.
The endoplasm quivers.
Found a transporter.
Found a whip.
Found a transporter.
j - 2 fizzy purple potions (gained 1)
The endoplasm jiggles.
You now have 143 gold pieces (gained 9).
The kobold shouts!
There is a transporter landing site here.
Found a short sword.
You hear the rusting of a drain very nearby.
You see here a +0 short sword.
You see here a ball python corpse.
Found a plate armour.
p - a scroll labelled HAEFUE HEKHLIRGH You hear the brisk rusting of a drain nearby.
You see here a +0 plate armour.
q - a +0 plate armour 2 orcs come into view.
The orc shouts! x2; You hear a shout!
A jelly comes into view.
An orc comes into view. It is wielding a +0 short sword.
The orc moves out of view. 2 orcs come into view.
The orc shouts! x3
A bat comes into view.
You hit the jelly.
Your hands burn!
The jelly is lightly wounded.
The jelly hits you. The acid corrodes you!
You are splashed with acid!
You hit the jelly.
Your hands burn!
The jelly is moderately wounded.
The jelly hits you.
* * * LOW HITPOINT WARNING * * *
You are splashed with acid!
You die...

#.#####.# #### #.#
#.###### #... #.#
#†.....#
###...####.#
#.####.#
#.......##.#####.#
#.#
#....o..##.......#
#.#
...o..ob#####.####
#.# #J# #.# ####.##
#@# #.# ##...... #.#
#.# #....... #.# #.#
#...#### #.#
##.###..##...
#.####...##..#8.##
##........##..#..##
#.....#...##..#$...
##.###.#####..©#)...
#..# #.........#!...


You could see a jelly, 2 orcs and a bat.

Vanquished Creatures
  An adder (D:2)
  3 dart slugs (D:1)
  An orc (D:3)
  4 ball pythons
  5 endoplasms
  2 giant cockroaches
  6 goblins
  4 hobgoblins
  2 jackals (D:1)
  2 bats
  2 frilled lizards
  A kobold (D:2)
  2 rats (D:2)
35 creatures vanquished.

Notes
Turn   | Place    | Note
-------+----------+-------------------------------------------
     0 | D:1      | Bnni the Vine Stalker Fighter began the quest for the Orb.
     0 | D:1      | Reached XP level 1. HP: 11/11 MP: 2/2
   130 | D:1      | Reached XP level 2. HP: 9/16 MP: 1/3
   811 | D:1      | Reached XP level 3. HP: 15/19 MP: 2/4
  1257 | D:2      | Found a burning altar of Makhleb.
  1375 | D:2      | You fall into a shaft and drop 2 floors!
  1627 | D:3      | Found a faded altar of an unknown god.
  1709 | D:3      | Found a transporter.
  1712 | D:3      | Found a transporter.
  1722 | D:3      | Noticed Babtu's ghost (amateur MiFi)
  1825 | D:3      | Splashed by a jelly's acid

Illustrated notes

Levels and vault maps discovered:
D:1:      matt_arrival_los_fun, layout_loops_corners
D:2:      layout_loops_cross, basic_altar
D:3:      layout_loops_ring, lightli_sewer_entry_pipes, gammafunk_ghost_arena,
          nicolae_ecumenical_oubliette
D:4:      nicolae_BIG_FREAKIN_CUBE, layout_basic, mainiacjoe_overflow_alcove_4,
          lightli_temple_of_fire

Skill      XL: |  1  2  3 |
---------------+----------+-----
Short Blades   | 2 |  2.7
Shields        | 3 |  3.4
Fighting       | 3 |  3.0
Armour         | |  2.4

Action                   || total
-------------------------++-------
Melee: Rapier            ||    98
       Bite              ||    28
Armor: Chain mail        ||    46
       Scale mail        ||     2
Dodge: Dodged            ||    20
Block: Buckler           ||    14

Table legend: (Time is in decaauts)
 A = Elapsed time spent in this place.
 B = Non-inter-level travel time spent in this place.
 C = Inter-level travel time spent in this place.
 D = Time resting spent in this place.
 E = Time spent auto-exploring this place.
 F = Levels seen in this place.
 G = Mean time per level.
                   A        B        C        D        E       F      G
               +--------+--------+--------+--------+--------+-----+--------+
         Total |   1837 |   1784 |     53 |      0 |   1491 |   4 |  459.2 |
       Dungeon |   1837 |   1784 |     53 |      0 |   1491 |   4 |  459.2 |
               +--------+--------+--------+--------+--------+-----+--------+

Top non-repeatable levels by time:
     D:1: 1127 daAuts
     D:3: 440 daAuts
     D:2: 257 daAuts
     D:4: 11 daAuts
